 Dungeon Sprint DCSS version 0.28.0-43-g3370ac3207 (webtiles) character file.

Game seed: 13783728560634758430

10399 boopmooplesden the Severer (level 11, -9/171 HPs)
             Began as a Minotaur Berserker on Mar 14, 2022.
             Was the Champion of Trog.
             Mangled by a hornet (12 damage)
             ... in the Dungeon (Sprint IV: "Fedhas' Mad Dash").
             The game lasted 00:08:23 (4556 turns).

boopmooplesden the Severer (Minotaur Berserker)     Turns: 4556, Time: 00:08:24

Health: -9/171     AC: 14    Str: 25    XL:     11   Next: 35%
Magic:  10/10      EV: 11    Int:  4    God:    Trog [******]
Gold:   27         SH:  0    Dex: 11    Spells: 10/10 levels left

rFire   . . .      SeeInvis .   a - +2 executioner's axe (vorpal)
rCold   . . .      Faith    .   (shield currently unavailable)
rNeg    . . .      Spirit   .   v - +1 chain mail
rPois   .          Reflect  .   (helmet restricted)
rElec   .          Harm     .   w - +0 cloak
rCorr   .          Rampage  .   (no gloves)
Will    .....      NoTele   +   (no boots)
Stlth   ..........              j - amulet of invisibility {+Inv}
HPRegen 0.38/turn               (no ring)
MPRegen 0.12/turn               (no ring)

@: berserking (expiring), lethally poisoned (-9 -> -40), very slightly
contaminated, slowed
A: horns 2, retaliatory headbutt
a: Renounce Religion, Evoke Invisibility, Berserk, Trog's Hand, Brothers in Arms


You were in the Dungeon.
You worshipped Trog.
Trog was exalted by your worship.
You visited 1 branch You collected 201 gold pieces.
You spent 174 gold pieces at shops.

Inventory:

Hand Weapons
 a - a +2 vorpal executioner's axe (weapon)
 b - the +8 storm bow {elec, penet}
   (You took it off a spriggan in the Dungeon)

   Any ammunition fired from it occasionally discharges a powerful burst of
   electricity upon striking a foe.
   Any ammunition fired by it passes through the targets it hits, potentially
   hitting all targets in its path until it reaches maximum range.
 l - a +4 falchion of protection
 n - a +1 war axe
 o - a +1 flail of protection
 q - a +7 hand axe of flaming
 r - a +4 vorpal battleaxe
 s - the +7 broad axe of Insomnia {flame, rF+}
   (Trog gifted it to you in the Dungeon)

   It burns those it strikes, dealing additional fire damage.
   Big, fiery blades are also staple armaments of hydra-hunters.
   rF:        It protects you from fire.
Missiles
 m - 15 arrows
Armour
 v - a +1 chain mail (worn)
 w - a +0 cloak (worn)
Jewellery
 j - the amulet of invisibility (around neck) {+Inv}
   (You found it in the Dungeon)

   [amulet of nothing]

   +Inv:      It lets you turn invisible.
Wands
 p - a wand of acid (13)
Scrolls
 h - a scroll of blinking
 u - 2 scrolls of summoning
Potions
 c - a potion of curing
 d - a potion of heal wounds
 e - a potion of haste
 f - 2 potions of magic
 g - a potion of berserk rage
 i - a potion of cancellation {unknown}
 k - a potion of might {unknown}


   Skills:
 + Level 16.2 Fighting
 + Level 20.4 Axes
 + Level 1.4 Bows
 + Level 10.9 Armour
 + Level 8.8 Dodging
 + Level 7.6 Stealth
 + Level 2.5 Shields
 + Level 10.4 Evocations


You had 10 spell levels left.
You didn't know any spells.
Your spell library was empty.

Dungeon Overview and Level Annotations

Branches:
Dungeon (1/1)

Altars:
Cheibriados
Dithmenos
Elyvilon
Gozag
Hepliaklqana
Kikubaaqudgha
Makhleb
Nemelex Xobeh
Okawaru
Qazlal
Ru
Sif Muna
Trog
Uskayaw
Vehumet
Wu Jian
Xom
Yredelemnul
Zin
The Shining One
Beogh
Jiyva
Lugonu

Shops:
D :[:*([:(**[


Innate Abilities, Weirdness & Mutations

You have a pair of horns on your head.
You reflexively headbutt those who attack you in melee.


Message History

The hornet closely misses you.
You barely miss the hornet. You headbutt the hornet!
The hornet is almost dead.
You feel very sick. The hornet stings you!
You suddenly lose the ability to move!
The spriggan rider throws a curare-tipped dart.
The curare-tipped dart hits you.
You are more poisoned.
You have difficulty breathing.
* * * LOW HITPOINT WARNING * * *
You feel as though you will be slow longer.
The hornet barely misses you.
You feel extremely sick.
The spriggan rider throws a curare-tipped dart.
The curare-tipped dart hits you.
You are more poisoned.
You have difficulty breathing.
* * * LOW HITPOINT WARNING * * *
You feel as though you will be slow longer.
The hornet stings you.
* * * LOW HITPOINT WARNING * * *
You are lethally poisoned!
You feel as though you will be slow longer.
* * * LOW HITPOINT WARNING * * *
You feel extremely sick.
The hornet stings you but does no damage.
The spriggan rider hits you from afar with a +0 spear.
* * * LOW HITPOINT WARNING * * *
The hornet stings you!
* * * LOW HITPOINT WARNING * * *
You are more poisoned.
You feel as though you will be slow longer.
You can move again.
You miss the hornet. Your headbutt misses the hornet.
The hornet is almost dead.
* * * LOW HITPOINT WARNING * * *
You feel extremely sick.
The spriggan rider hits you but does no damage.
The hornet stings you!
You die...

∩...................P..........♣.
∩...................P...#########
##########'##############
#..........# #..# #..........#
...+ ###.P....### ....# ###...##
#i$$$# #....####$$$$$#
#.......@y$$$$+ #........$$$$$#
###############


You could see a spriggan rider and a hornet.

Vanquished Creatures
  Agnes (D)
  A ghost moth (D)
  A spriggan defender (D)
  A spriggan berserker (D)
  A spriggan druid (D)
  8 oklob plants (D)
  3 demonic crawlers (D)
  3 burning bushes (D)
  A queen bee (D)
  4 hornets (D)
  3 scorpions (D)
  3 killer bees (D)
  5 oklob saplings (D)
  7 spriggans (D)
  3 wandering mushrooms (D)
  A river rat (D)
  A rat (D)
  A ballistomycete spore (D)
48 creatures vanquished.

Vanquished Creatures (collateral kills)
  A killer bee (D)
1 creature vanquished.

Vanquished Creatures (others)
  A ballistomycete spore (D)
  A bush (D)
  2 fungi (D)
4 creatures vanquished.

Grand Total: 53 creatures vanquished

Notes
Turn   | Place    | Note
-------+----------+-------------------------------------------
     0 | D        | boopmooplesden the Minotaur Berserker began the quest for
                  | the Orb.
     0 | D        | Reached XP level 1. HP: 19/19 MP: 0/0
    12 | D        | Reached skill level 4 in Axes
    12 | D        | Reached XP level 2. HP: 9/28 MP: 1/1
   222 | D        | Noticed an oklob sapling
   223 | D        | Killed an oklob sapling
   223 | D        | Reached ** piety under Trog
   224 | D        | Reached skill level 6 in Axes
   224 | D        | Reached XP level 3. HP: 37/37 MP: 2/2
   225 | D        | Noticed a scorpion
   225 | D        | Found the amulet of invisibility {+Inv}
   227 | D        | Killed a scorpion
   228 | D        | Reached skill level 7 in Axes
   228 | D        | Reached XP level 4. HP: 47/47 MP: 3/3
   387 | D        | Reached skill level 8 in Axes
   413 | D        | Found an opulent altar of Gozag.
   413 | D        | Found a hazy altar of Hepliaklqana.
   413 | D        | Found a snail-covered altar of Cheibriados.
   414 | D        | Found a viscous altar of Jiyva.
   414 | D        | Found a burning altar of Makhleb.
   414 | D        | Found a sparkling altar of Nemelex Xobeh.
   414 | D        | Found a sacrificial altar of Ru.
   414 | D        | Found a shimmering blue altar of Sif Muna.
   414 | D        | Found a bloodstained altar of Trog.
   414 | D        | Found an ornate altar of the Wu Jian Council.
   414 | D        | Found a shimmering altar of Xom.
   414 | D        | Found a basalt altar of Yredelemnul.
   415 | D        | Found an iron altar of Okawaru.
   415 | D        | Found a shadowy altar of Dithmenos.
   415 | D        | Found a glowing silver altar of Zin.
   416 | D        | Found an ancient bone altar of Kikubaaqudgha.
   416 | D        | Found a hide-covered altar of Uskayaw.
   417 | D        | Found a stormy altar of Qazlal.
   417 | D        | Found a white marble altar of Elyvilon.
   417 | D        | Found a glowing golden altar of the Shining One.
   418 | D        | Found a corrupted altar of Lugonu.
   418 | D        | Found a radiant altar of Vehumet.
   425 | D        | Reached skill level 1 in Evocations
   425 | D        | Reached XP level 5. HP: 56/56 MP: 2/4
   457 | D        | Reached *** piety under Trog
   458 | D        | Reached skill level 9 in Axes
   458 | D        | Reached skill level 5 in Armour
   491 | D        | Reached skill level 10 in Axes
   491 | D        | Reached XP level 6. HP: 57/66 MP: 5/5
   494 | D        | Reached skill level 10 in Fighting
   614 | D        | Found Esis's Weapon Shop.
   614 | D        | Found Ufelum's General Store.
   620 | D        | Bought a +0 war axe for 35 gold pieces
   831 | D        | Noticed a burning bush
   831 | D        | Noticed a wandering mushroom
   832 | D        | Noticed a wandering mushroom
   838 | D        | Reached **** piety under Trog
   839 | D        | Reached skill level 11 in Axes
   839 | D        | Reached skill level 5 in Dodging
  1378 | D        | Killed a wandering mushroom
  1379 | D        | Reached skill level 12 in Axes
  1379 | D        | Reached skill level 1 in Stealth
  1379 | D        | Reached XP level 7. HP: 69/74 MP: 6/6
  1392 | D        | Killed a burning bush
  1393 | D        | Reached skill level 13 in Axes
  1397 | D        | Found Noblint's Assorted Antiques.
  1397 | D        | Found Udifok's Antique Weapon Shoppe.
  1404 | D        | Bought a scroll labelled GUKIATY IH OTI for 23 gold pieces
  1448 | D        | Noticed a queen bee
  1459 | D        | Killed a queen bee
  1459 | D        | Reached ***** piety under Trog
  1460 | D        | Reached skill level 14 in Axes
  1460 | D        | Reached skill level 5 in Evocations
  1460 | D        | Reached XP level 8. HP: 85/85 MP: 5/7
  1473 | D        | Noticed an oklob plant
  1482 | D        | Killed an oklob plant
  1616 | D        | Noticed a burning bush
  1626 | D        | Killed a burning bush
  1627 | D        | Reached skill level 15 in Axes
  1627 | D        | Reached skill level 1 in Shields
  1636 | D        | Noticed a burning bush
  1636 | D        | Noticed an oklob plant
  1637 | D        | Noticed a wandering mushroom
  1643 | D        | Killed a burning bush
  1643 | D        | Received a gift from Trog
  1644 | D        | Reached XP level 9. HP: 85/93 MP: 5/8
  1656 | D        | Killed an oklob plant
  1657 | D        | Reached skill level 16 in Axes
  1762 | D        | Noticed a spriggan druid
  1774 | D        | Killed a spriggan druid
  1775 | D        | Reached skill level 5 in Stealth
  2014 | D        | Noticed an oklob plant conjurer
  2015 | D        | Killed an oklob plant conjurer
  2015 | D        | Received a gift from Trog
  2016 | D        | Reached skill level 17 in Axes
  2095 | D        | Noticed an oklob plant
  2095 | D        | Noticed an oklob plant summoner
  2096 | D        | Noticed an oklob plant shifter
  2102 | D        | Killed an oklob plant summoner
  2106 | D        | Killed an oklob plant shifter
  2111 | D        | Killed an oklob plant
  2112 | D        | Reached XP level 10. HP: 103/103 MP: 7/9
  2500 | D        | Noticed a spriggan rider
  2511 | D        | Reached skill level 18 in Axes
  2523 | D        | Received a gift from Trog
  2528 | D        | Found Uwoah's Assorted Antiques.
  2555 | D        | Found Deinoaf's Armour Shoppe.
  2560 | D        | Bought a +0 chain mail for 58 gold pieces
  2560 | D        | Bought a +0 cloak for 58 gold pieces
  2805 | D        | Noticed Agnes
  2808 | D        | Noticed a spriggan berserker
  2809 | D        | Killed Agnes
  2810 | D        | Found Dothrowni's Antique Armour Emporium.
  2817 | D        | Killed a spriggan berserker
  2818 | D        | Reached skill level 15 in Fighting
  2818 | D        | Reached skill level 19 in Axes
  2818 | D        | Reached skill level 10 in Evocations
  3051 | D        | Found Jakuz's Book Shoppe.
  3052 | D        | Noticed a spriggan defender
  3070 | D        | Killed a spriggan defender
  3434 | D        | Noticed a spriggan rider
  3470 | D        | Reached XP level 11. HP: 113/113 MP: 10/10
  3536 | D        | Paralysed by a hornet for 3 turns
  3541 | D        | Identified the +7 broad axe of Insomnia {flame, rF+} (Trog
                  | gifted it to you in the Dungeon)
  3541 | D        | Received a gift from Trog
  3546 | D        | Killed a ghost moth
  3548 | D        | Reached skill level 20 in Axes
  3548 | D        | Reached skill level 1 in Bows
  3560 | D        | Found Fakeil's Book Shoppe.
  3560 | D        | Found Ulot's Armour Boutique.
  3560 | D        | Found Raopruac's Book Emporium.
  4193 | D        | Noticed an oklob plant meteorologist
  4199 | D        | Noticed an oklob plant shifter
  4204 | D        | Killed an oklob plant meteorologist
  4205 | D        | Reached skill level 10 in Armour
  4527 | D        | Killed an oklob plant shifter
  4527 | D        | Reached ****** piety under Trog
  4543 | D        | Noticed a spriggan rider
  4553 | D        | Paralysed by a hornet for 2 turns
  4556 | D        | HP: 3/171 [poisoned by a hornet]
  4556 | D        | Mangled by a hornet

Illustrated notes

Levels and vault maps discovered:
D:        dungeon_sprint_fedhas [sprint_temple]

Skill      XL: |  1  2  3  4  5  6  7  8  9 10 11 |
---------------+----------------------------------+-----
Fighting       | 4 6 7 8 9 11 12 13 14 15 16 | 16.2
Axes           | 4 6 7 8 10 12 14 15 17 19 20 | 20.4
Armour         | 3 4 5 6 8 10 | 10.9
Dodging        | 3 4 5 6 7 8 |  8.8
Evocations     | 1 2 3 5 6 8 10 | 10.4
Stealth        | 1 3 6 7 |  7.6
Shields        | 1 2 |  2.5
Bows           | 1 |  1.4

Action                   |  1- 3 |  4- 6 |  7- 9 | 10-12 || total
-------------------------+-------+-------+-------+-------++-------
Melee: Hand axe          |     9 |    17 |       |       ||    26
       Headbutt          |     2 |    13 |    13 |    12 ||    40
       War axe           |       |    12 |    57 |       ||    69
       Battleaxe         |       |       |     5 |    23 ||    28
       Executioner's axe |       |       |       |    55 ||    55
 Fire: Longbow           |       |       |       |     4 ||     4
Invok: Berserk           |     1 |     1 |     4 |     6 ||    12
 Abil: Evoke Invisibilit |       |     3 |     7 |     3 ||    13
  Use: Scroll            |       |       |     2 |     1 ||     3
       Potion            |       |       |       |     1 ||     1
 Stab: Sleeping          |       |     1 |     2 |     1 ||     4
       Invisible         |       |       |     3 |     2 ||     5
Armor: Animal skin       |       |     1 |       |       ||     1
       Chain mail        |       |       |       |    28 ||    28
       Leather armour    |       |       |       |     2 ||     2
Dodge: Dodged            |     3 |    10 |     8 |    28 ||    49
Block: Buckler           |       |       |     2 |       ||     2
